 Dungeon Crawl Stone Soup version 0.18.1-48-g4cf74bf (webtiles) character file.

72 Galewin the Skirmisher (level 4, -4/36 HPs)
             Began as a Draconian Berserker on July 5, 2016.
             Was a Believer of Trog.
             Slain by an orc
             ... wielding a +0 war axe
              (11 damage)
             ... on level 3 of the Dungeon.
             The game lasted 00:04:17 (1498 turns).

Galewin the Skirmisher (Draconian Berserker)        Turns: 1498, Time: 00:04:18

Health: -4/36      AC:  5    Str: 21    XL:     4   Next: 6%
Magic:  4/4        EV: 13    Int:  5    God:    Trog [**....]
Gold:   147        SH:  0    Dex: 13    Spells: 0 memorised, 3 levels left

rFire  . . .     SeeInvis .     a - +0 hand axe
rCold  . . .     Gourm    .     (armour unavailable)
rNeg   . . .     Faith    .     (no shield)
rPois  .         Spirit   .     (helmet restricted)
rElec  .         Dismiss  .     (no cloak)
rCorr  .         Reflect  .     (no gloves)
SustAt .         Harm     .     (no boots)
MR     .....                    (no amulet)
Stlth  +.........               (no ring)
                                g - +3 ring of dexterity

@: not resistant to hostile enchantments, very unstealthy
A: unfitting armour, big wings, dopey 1, frail 1, cold-blooded, AC +5
a: Fly, Berserk, Trog's Hand, Burn Spellbooks, Renounce Religion


You were on level 3 of the Dungeon.
You worshipped Trog.
Trog was pleased with you.
You were not hungry.

You visited 1 branch of the dungeon, and saw 3 of its levels.

You collected 147 gold pieces.

Inventory:

Hand Weapons
 a - a +0 hand axe (weapon)
Jewellery
 g - a +3 ring of dexterity (left hand)
 j - an uncursed amulet of regeneration {unknown}
Scrolls
 e - 2 scrolls of identify
 i - a scroll of teleportation {unknown}
 k - a scroll of random uselessness {unknown}
Potions
 c - a potion of might
 h - 2 potions of heal wounds
Comestibles
 b - 3 bread rations
 d - a slice of pizza
 f - a beef jerky


   Skills:
 * Level 4.6 Fighting
 + Level 3.4 Axes
 + Level 3.2 Dodging


You had 3 spell levels left.
You didn't know any spells.

Dungeon Overview and Level Annotations

Branches:
Dungeon (3/15)

Altars:
Makhleb
Zin
The Shining One


Innate Abilities, Weirdness & Mutations

Your plain brown scales are hard (AC +5).
Your body does not fit into most forms of armour.
You are cold-blooded and may be slowed by cold attacks.
Your large and strong wings let you fly indefinitely.
You are dopey. (Int -2)
You are frail (-10% HP).


Message History

An orc comes into view. It is wielding a war axe.
The orc shouts!
Found 9 gold pieces.
The orc hits you with a war axe.
You hit the orc but do no damage. The orc hits you with a war axe.
* * * LOW HITPOINT WARNING * * *
You barely miss the orc. The orc barely misses you.
You hit the orc.
The orc is severely wounded.
The orc hits you but does no damage.
You closely miss the orc.
Your tail-slap misses the orc.
The orc is heavily wounded.
The orc barely misses you.
You hit the orc.
The orc is severely wounded.
The orc hits you but does no damage.
You barely miss the orc.
The orc is severely wounded.
The orc hits you with a war axe!
You die...

#....$....#
#.........#
#.........#
#.........# .........
#.#. ...... ##.....
#o.########.......
#.@.............##.
#.##.......[.......
#. ###....#......>
####.#####.........#
...#.#............#
#................####
##...........).>.....
#.#<.#..........####
#...#...............


You could see an orc.

Vanquished Creatures
  3 adders
  2 giant geckos (D:1)
  2 ball pythons
  A giant cockroach (D:2)
  6 goblins
  6 hobgoblins
  4 jackals (D:1)
  2 quokkas (D:2)
  4 bats
  5 giant newts
  2 kobolds
  4 rats (D:2)
41 creatures vanquished.

Notes
Turn   | Place    | Note
--------------------------------------------------------------
     0 | D:1      | Galewin the Draconian Berserker began the quest for the Orb.
     0 | D:1      | Reached XP level 1. HP: 19/19 MP: 1/1
   159 | D:1      | Reached XP level 2. HP: 24/26 MP: 2/2
   443 | D:1      | You fall through a shaft!
   471 | D:2      | Reached XP level 3. HP: 17/33 MP: 3/3
   504 | D:2      | Reached skill level 4 in Fighting
   768 | D:2      | Reached ** piety under Trog
   791 | D:2      | Gained mutation: You are dopey. (Int -2) [potion of mutation]
   791 | D:2      | Gained mutation: Your large and strong wings let you fly indefinitely. [potion of mutation]
   791 | D:2      | Gained mutation: You are frail (-10% HP). [potion of mutation]
   806 | D:2      | Found a glowing golden altar of the Shining One.
  1178 | D:2      | Found a burning altar of Makhleb.
  1277 | D:2      | Found a glowing silver altar of Zin.
  1277 | D:2      | Noticed an angel
  1277 | D:2      | Noticed an Executioner
  1424 | D:3      | Reached XP level 4. HP: 8/36 MP: 4/4
  1498 | D:3      | Slain by an orc

Skill      XL: |  1  2  3 |
---------------+----------+-----
Dodging        | 3 |  3.2
Fighting       | 4 |  4.6
Axes           | |  3.4

Action                   |  1- 3 |  4- 6 || total
-------------------------+-------+-------++-------
Melee: Hand axe          |   145 |     6 ||   151
       Tailslap          |    20 |       ||    20
  Use: Potion            |     4 |       ||     4
       Scroll            |     3 |       ||     3
 Stab: Sleeping          |     2 |       ||     2
  Eat: Chunk             |     1 |       ||     1
       Beef jerky        |       |     1 ||     1
Armor: Skin              |    41 |       ||    41
Dodge: Dodged            |   101 |     2 ||   103
